 Dungeon Crawl Stone Soup version 0.28.0 (webtiles) character file.

Game seed: 10653399795466481095

54 mjaartine the Slasher (level 4, 0/35 HPs)
             Began as a Human Cinder Acolyte on Feb 20, 2022.
             Was a High Priest of Ignis.
             Succumbed to an adder's poison
             ... on level 2 of the Dungeon.
             The game lasted 00:11:09 (1482 turns).

mjaartine the Slasher (Human Cinder Acolyte)        Turns: 1482, Time: 00:11:10

Health: 0/35       AC:  2    Str: 14    XL:     4   Next: 12%
Magic:  5/5        EV: 11    Int: 14    God:    Ignis [*****.]
Gold:   85         SH:  0    Dex: 11    Spells: 5/5 levels left

rFire   + . .      SeeInvis .   a - -1 falchion (flame)
rCold   . . .      Faith    .   f - orb {guile}
rNeg    . . .      Spirit   .   b - +0 robe
rPois   .          Reflect  .   (no helmet)
rElec   .          Harm     .   (no cloak)
rCorr   .          Rampage  .   (no gloves)
Will    .....                   (no boots)
Stlth   +.........              (no amulet)
HPRegen 0.11/turn               (no ring)
MPRegen 0.09/turn               (no ring)

@: lethally poisoned (0 -> -3)
A: no striking features
a: Renounce Religion, Fiery Armour, Foxfire Swarm, Rising Flame


You were on level 2 of the Dungeon.
You worshipped Ignis.
Ignis was extremely pleased with you.
You visited 1 branch of the dungeon, and saw 2 of its levels.

You collected 85 gold pieces.

Inventory:

Hand Weapons
 a - a -1 falchion of flaming (weapon)
 c - a +0 whip
 d - a +0 hunting sling
 g - a +0 club
 h - a +0 dagger
 j - a +0 dagger
Missiles
 i - 28 bolts
 l - 2 javelins (quivered)
Armour
 b - a +0 robe (worn)
 f - an orb of guile (worn)
Scrolls
 k - a scroll of magic mapping {unknown}


   Skills:
 + Level 3.5 Fighting
 + Level 3.7 Long Blades
 + Level 1.0 Dodging
 + Level 1.0 Spellcasting
 + Level 3.2 Fire Magic


You had 5 spell levels left.
You didn't know any spells.
Your spell library contained the following spells:

 Spells                   Type           Power      Damage    Failure   Level
 Scorch                   Fire           18%        2d6       11%         2
 Magic Dart               Conj           0%         1d3       26%         1
 Searing Ray              Conj           0%         2d4       36%         2
 Sublimation of Blood     Necr           0%         N/A       36%         2
 Fulminant Prism          Conj/Hex       0%         3d6       95%         4
 Petrify                  Tmut/Erth      0%         N/A       95%         4
 Irradiate                Conj/Tmut      0%         3d13      100%        5


Dungeon Overview and Level Annotations

Branches:
Dungeon (2/15)

Altars:


Message History

The hound bites you but does no damage. x2
You closely miss the hound.
The hound is moderately wounded.
The hound bites you but does no damage.
You barely miss the hound.
The hound is moderately wounded.
The hound bites you but does no damage. x2
You slash the hound! You burn the hound.
The hound is almost dead.
The hound bites you. The hound bites you but does no damage.
You closely miss the hound.
The hound is almost dead.
The hound bites you but does no damage.
You hit the hound. You burn the hound.
You kill the hound!
The adder bites you but does no damage.
Your Dodging skill increases to level 1!
You have reached level 4!
You feel agile.
You closely miss the adder. The adder bites you but does no damage.
You closely miss the adder.
You feel less wooden.
Your +0 robe unmelds from your body.
The adder bites you.
You closely miss the adder. The adder bites you. x2
* * * LOW HITPOINT WARNING * * *
The adder barely misses you. The adder bites you.
* * * LOW HITPOINT WARNING * * *
You are lethally poisoned!
The adder poisons you!
* * * LOW HITPOINT WARNING * * *
You feel sick.
* * * LOW HITPOINT WARNING * * *
You feel sick.
* * * LOW HITPOINT WARNING * * *
You feel sick.
* * * LOW HITPOINT WARNING * * *
You feel sick. The adder closely misses you. The adder bites you.
* * * LOW HITPOINT WARNING * * *
You die...

####... #.#
......## #.#
.......##
####.### ........
###......#
........ ........
.....# #.# #.....
....g#
#.#####...#
.><..#
#........@#
.....#
#....g##.##
.....###......S.#
.....##.......g.#
................#
..####.........##
!........##...##
##..###.###...#
... #.# #...#


You could see an adder, a hobgoblin and a goblin.

Vanquished Creatures
  A hound (D:2)
  2 endoplasms (D:1)
  3 goblins (D:1)
  A hobgoblin (D:1)
  2 jackals (D:1)
  A kobold (D:1)
  3 quokkas (D:1)
  A ball python (D:1)
  3 bats (D:1)
  2 frilled lizards (D:1)
  2 rats (D:1)
21 creatures vanquished.

Notes
Turn   | Place    | Note
-------+----------+-------------------------------------------
     0 | D:1      | mjaartine the Human Cinder Acolyte began the quest for the
                  | Orb.
     0 | D:1      | Reached XP level 1. HP: 18/18 MP: 2/2
   143 | D:1      | Reached XP level 2. HP: 18/24 MP: 3/3
   851 | D:1      | Reached XP level 3. HP: 27/29 MP: 4/4
  1110 | D:1      | Found a faded altar of an unknown god.
  1469 | D:2      | Reached skill level 1 in Dodging
  1469 | D:2      | Reached XP level 4. HP: 26/35 MP: 5/5
  1481 | D:2      | HP: 1/35 [adder (2)]
  1482 | D:2      | Succumbed to an adder's poison

Illustrated notes

Levels and vault maps discovered:
D:1:      onia_arrival_pentagram, layout_loops_ring,
          nicolae_ecumenical_lake_church, minmay_bisected
D:2:      layout_rooms, minmay_tetromino_l2

Skill      XL: |  1  2  3 |
---------------+----------+-----
Dodging        | 1 |  1.0
Fighting       | |  3.5
Long Blades    | |  3.7
Spellcasting   | |  1.0
Fire Magic     | |  3.2

Action                   |  1- 3 |  4- 6 || total
-------------------------+-------+-------++-------
Melee: Falchion          |    74 |     3 ||    77
       Punch             |     1 |       ||     1
  Use: Potion            |     1 |       ||     1
Armor: Robe              |    15 |       ||    15
       Skin              |    15 |     1 ||    16
Dodge: Dodged            |    50 |     2 ||    52
